 Dungeon Crawl Stone Soup version 0.21-a0-414-gba8bdf1 (webtiles) character file.

49 mhoghedin the Scratcher (level 3, 0/15 HPs)
             Began as a Felid Transmuter on Nov 2, 2017.
             Slain by a worm (5 damage)
             ... on level 2 of the Dungeon.
             The game lasted 00:04:04 (1759 turns).

mhoghedin the Scratcher (Felid Transmuter)          Turns: 1759, Time: 00:04:04

Health: 0/15       AC:  2    Str:  6    XL:     3   Next: 51%
Magic:  5/7        EV: 22    Int: 15    God:
Gold:   71         SH:  0    Dex: 21    Spells: 0/6 levels left
                                        Lives:  0   Deaths: 0

rFire    . . .     SeeInvis +     - Unarmed
rCold    . . .     Gourm    .   (shield unavailable)
rNeg     . . .     Faith    .   (armour unavailable)
rPois    .         Spirit   .   (helmet unavailable)
rElec    .         Reflect  .   (cloak unavailable)
rCorr    .         Harm     .   (gloves unavailable)
MR       .....                  (boots unavailable)
Stlth    ++........             (no amulet)
HPRegen  0.05/turn              i - ring of poison resistance {rPois, !d}
MPRegen  0.10/turn              (no ring)

@: spider-form (expiring)
A: no armour, no weapons or thrown items, stealth, see invisible, carnivore 3,
slow metabolism 1
a: End Transformation


You were on level 2 of the Dungeon.
You were full.
You were a venomous arachnid creature.
You visited 1 branch of the dungeon, and saw 2 of its levels.

You collected 71 gold pieces.

Inventory:

Missiles
 a - 10 arrows
Jewellery
 i - a ring of poison resistance (left front leg) {rPois, !d}
   (You found it on level 2 of the Dungeon)
Wands
 l - a wand of disintegration (14/24)
   (You found it on level 2 of the Dungeon)
Scrolls
 d - a scroll of enchant weapon {unknown}
 f - a scroll of magic mapping {unknown}
 g - a scroll of amnesia {unknown}
 k - a scroll of identify {unknown}
Potions
 e - a potion of ambrosia {unknown}
 h - 2 potions of flight {unknown}
 j - a potion of curing {unknown}
Books
 b - a book of Changes
Comestibles
 c - 2 meat rations {@e2}


   Skills:
 + Level 1.5 Fighting
 + Level 3.2 Dodging
 + Level 1.7 Stealth
 + Level 3.2 Unarmed Combat
 + Level 2.3 Spellcasting
 + Level 2.7 Transmutations


You couldn't memorise any spells.
You knew the following spells:

 Your Spells              Type           Power        Failure   Level  Hunger
a - Beastly Appendage     Tmut           #.....       19%         1    #......
c - Spider Form           Tmut/Pois      #.........   58%         3    ###....
s - Sticks to Snakes      Tmut           #.......     26%         2    ###....


Dungeon Overview and Level Annotations

Branches:
Dungeon (2/15)

Altars:


Innate Abilities, Weirdness & Mutations

You cannot wear armour.
You are incapable of wielding weapons or throwing items.
Your paws allow you to move quietly. (Stealth)
((You have sharp claws.))
((You have razor-sharp teeth.))
You have supernaturally acute eyesight. (SInv)
You are carnivorous and can eat meat at any time.
((You cover ground quickly.))
((You are covered in fur. (AC +1)))
You have a slow metabolism.
((Your sharp claws are effective at attacking unaware monsters.))


Message History

A frilled lizard comes into view.
A frilled lizard is nearby!
A frilled lizard is nearby!
A goblin comes into view.
You grow a pair of large bovine horns.
You now have 6/7 mp.
You scratch the frilled lizard.
Your transformation is almost over.
The goblin shouts!
The frilled lizard bites you.
You take 3 damage, and have 12/15 hp.
You scratch the frilled lizard but do no damage.
You headbutt the frilled lizard.
You kill the frilled lizard!
You scratch the goblin.
You kill the goblin!
No target in view!
j - an orange potion Your horns disappear.
A frilled lizard comes into view.
MP restored: 7 A frilled lizard is nearby!
You see here 26 bolts.
You pounce on the unaware helpless frilled lizard!
You claw the frilled lizard!
You kill the frilled lizard!
No target in view!
No target in view!
You start resting.
Health restored: 15 A bat comes into view.
A bat is nearby!
Unknown command.
The bat misses you.
You miss the bat. The bat misses you.
You grow a pair of large bovine horns.
The bat hits you but does no damage.
You now have 6/7 mp.
You closely miss the bat. Your bite misses the bat. The bat misses you.
The bat misses you. The bat hits you.
You take 1 damage, and have 14/15 hp.
You scratch the bat.
You kill the bat!
No target in view!
No target in view!
k - a scroll labeled FAIPHUKLET MP restored: 7 Your transformation is almost over.
Found a stone staircase leading up.
Health restored: 15 Your horns disappear.
l - a wand of disintegration (?/24)
A kobold comes into view. It is wielding a short sword.
A hobgoblin comes into view. It is wielding a club.
The kobold shouts!
The hobgoblin moves out of view.
A rat and a worm come into view.
The rat moves out of view.
You scratch the kobold.
You kill the kobold!
A worm comes into view.
You see here a short sword.
You scratch the worm. The worm misses you.
A bat comes into view.
You scratch the worm. The worm bites you.
You take 1 damage, and have 14/15 hp.
Okay, then.
Unknown command.
You turn into a venomous arachnid creature.
The rat misses you.
You now have 4/7 mp.
You hit the rat. The rat barely misses you.
You hit the rat.
You kill the rat!
The bat misses you.
You hit the bat.
You kill the bat!
You hit the hobgoblin but do no damage.
The hobgoblin is poisoned.
Your transformation is almost over.
The hobgoblin completely misses you.
Health restored: 15 You completely miss the hobgoblin.
You hit the hobgoblin.
The hobgoblin looks as sick as possible!
The hobgoblin completely misses you.
You hit the hobgoblin.
You kill the hobgoblin!
The worm bites you!
Ouch! That really hurt!
The worm closely misses you.
Things that are here:
a club; a short sword You take 9 damage, and have 6/15 hp.
MASSIVE DAMAGE!!
You hit the worm.
The worm is poisoned.
The worm bites you.
You take 1 damage, and have 5/15 hp.
You hit the worm.
The worm looks as sick as possible!
The worm completely misses you.
You hit the worm.
The worm is poisoned.
The worm bites you.
You die...

###............................
...........%..............######
##########.....#............###
##.........####......##
##.....................
#..#.#.....#####.......
##.##.#.###.# #.##.... #..##.#.#
#....... #####.#s# #######..
#.ww...?............
#......$.......###.#
#............ #.# #..........
### #.......... ...........
##..........


You could see 2 worms.

Vanquished Creatures
  2 oozes (D:1)
  A dart slug (D:2)
  A leopard gecko (D:2)
  8 goblins
  5 hobgoblins
  A ball python (D:1)
  8 bats
  5 frilled lizards
  7 kobolds
  A rat (D:2)
39 creatures vanquished.

Vanquished Creatures (collateral kills)
  A ball python (D:1)
1 creature vanquished.

Grand Total: 40 creatures vanquished

Notes
Turn   | Place    | Note
-------+----------+-------------------------------------------
     0 | D:1      | mhoghedin the Felid Transmuter began the quest for the Orb.
     0 | D:1      | Reached XP level 1. HP: 9/9 MP: 4/4
    42 | D:1      | Reached XP level 2. HP: 12/12 MP: 3/6
   112 | D:1      | Reached skill level 3 in Dodging
   118 | D:1      | Reached skill level 1 in Stealth
   255 | D:1      | Learned a level 2 spell: Sticks to Snakes
   651 | D:1      | Reached XP level 3. HP: 9/15 MP: 7/7
   779 | D:1      | Learned a level 3 spell: Spider Form
  1759 | D:2      | Slain by a worm

Vault maps used:
D:1:      dpeg_arrival_tiny_a
D:2:      kennysheep_nondescript

Skill      XL: |  1  2 |
---------------+-------+-----
Dodging        | 3 |  3.2
Stealth        | 1 |  1.7
Fighting       | |  1.5
Unarmed Combat | |  3.2
Spellcasting   | |  2.3
Transmutations | |  2.7

Action                   || total
-------------------------++-------
Melee: Unarmed           ||   101
       Bite              ||     3
       Headbutt          ||     7
       Punch             ||     1
 Cast: Beastly Appendage ||    16
       Sticks to Snakes  ||     2
       Spider Form       ||     1
 Stab: Sleeping          ||     7
  Eat: Chunk             ||     7
Armor: Skin              ||    11
Dodge: Dodged            ||    95

Table legend:
 A = Spawn XP
 B = Non-spawn XP
 C = Spawn XP percentage of total XP
 D = Spawn monster count
 E = Non-spawn monster count
 F = Spawn count percentage of total count
 G = Total turns spent on level
                    A         B        C        D         E        F      G
               +---------+---------+-------+---------+---------+-------+---------
         Total |       0 |      70 |   0.0 |       0 |      40 |   0.0 |  1759
               +---------+---------+-------+---------+---------+-------+---------
           D:1 |       0 |      46 |   0.0 |       0 |      24 |   0.0 |  1314
           D:2 |       0 |      24 |   0.0 |       0 |      16 |   0.0 |   445
               +---------+---------+-------+---------+---------+-------+---------

Vault maps used:
D:1:      dpeg_arrival_tiny_a
D:2:      kennysheep_nondescript

Table legend:
 A = Turns spent in this place as a percentage of turns spent in the entire game.
 B = Non-inter-level travel turns spent in this place as a percentage of non-inter-level travel turns spent in the entire game.
 C = Inter-level travel turns spent in this place as a percentage of turns spent in this place.
 D = Turns resting spent in this place as a percentage of non-inter-level travel turns spent in this place.
 E = Turns spent auto-exploring this place as a percentage of non-inter-level travel turns spent in this place.
 F = Non-inter-level travel turns spent in this place divided by the number of levels of this place that you've seen.
                   A       B       C       D       E      F
               +-------+-------+-------+-------+-------+----------------------
         Total | 100.0 | 100.0 |   2.3 |  39.9 |  40.9 | 859.0
       Dungeon | 100.0 | 100.0 |   2.3 |  39.9 |  40.9 | 859.0
               +-------+-------+-------+-------+-------+----------------------

Table legend:
 A = Kills in this place as a percentage of kills in entire the game.
 B = Kills by you in this place as a percentage of kills by you in the entire game.
 C = Kills by friends in this place as a percentage of kills by friends in the entire game.
 D = Other kills in this place as a percentage of other kills in the entire game.
 E = Experience gained in this place as a percentage of experience gained in the entire game.
 F = Experience gained in this place divided by the number of levels of this place that you have seen.
                   A       B       C       D       E      F
               +-------+-------+-------+-------+-------+----------------------
         Total | 100.0 | 100.0 | 100.0 |   N/A | 100.0 |  35.0
       Dungeon | 100.0 | 100.0 | 100.0 |   N/A | 100.0 |  35.0
               +-------+-------+-------+-------+-------+----------------------
